Map: Blackburn LE

Players

Xetsus - Winner!

  • Race: Zerg Zerg

VOD

Have the link to the VOD?

Description

Time

  • Played on: May 10, 2021, 2:29 p.m.
  • Length: 9:36
Show
View Real Time Build Order
Export as new Build Order

Xetsus Zerg - Winner!

Build Orders:  

Get SALT Encoding   

  12  0:00  Drone  
  13  0:18  Overlord  
  13  0:23  Drone  
  14  0:43  Drone x2  
  16  1:13  Hatchery  
  16  1:18  Drone x2  
  17  1:28  Drone  
  18  1:38  Extractor  
  17  1:48  Spawning Pool  
  16  1:50  Drone  
  16  1:56  Drone  
  18  2:10  Drone  
  18  2:19  Overlord  
  19  2:35  Drone  
  20  2:53  Drone  
  20  2:56  Queen  
  20  2:57  Queen  
  25  3:01  Overlord  
  25  3:07  Spine Crawler  
  24  3:20  Drone  
  24  3:27  Spine Crawler  
  24  3:32  Drone x2  
  24  3:35  Drone  
  27  4:04  Drone x4  
  27  4:09  Lair  
  31  4:17  Evolution Chamber  
  30  4:22  Drone  
  30  4:25  Drone  
  30  4:26  Drone  
  33  4:31  Overlord  
  33  4:39  Extractor  
  32  4:47  Drone x2  
  32  4:48  Drone x2  
  36  4:52  Overlord  
  36  4:59  Zerg Missile Weapons Level 1  
  36  5:11  Roach Warren  
  36  5:16  Drone  
  36  5:17  Drone  
  36  5:19  Drone  
  38  5:27  Extractor  
  37  5:35  Drone  
  37  5:37  Drone x3  
  37  5:38  Drone x3  
  44  5:58  Drone x3, Overlord  
  47  6:08  Roach  
  49  6:13  Glial Reconstitution  
  49  6:26  Roach  
  49  6:27  Roach x5  
  49  6:28  Roach  
  63  6:47  Spine Crawler  
  62  6:55  Roach x3  
  62  6:57  Overlord, Spine Crawler  
  62  6:59  Overlord  
  67  7:15  Overlord  
  67  7:22  Roach x3  
  67  7:23  Roach  
  75  7:39  Roach x3  
  81  7:40  Roach  
  83  7:51  Roach x4  
  83  7:52  Overlord  
  83  7:57  Overlord  
  91  8:21  Roach x2  
  91  8:22  Roach x2  
  99  8:50  Roach x2  
  99  8:51  Roach x2  
  107  9:03  Overlord x2  
Tags
 
Add a new tag
Caveats
  • Supply blocks, unpowered buildings, or Contaminate may cause inaccurate times.
  • Supply counts are checked every 10 seconds.